 Dungeon Crawl Stone Soup version 0.25.1-2-g60ff931df9 (webtiles) character file.

Game seed: 9486172838195082196

7403 hawla the Carver (level 10, -2/90 HPs)
             Began as a Minotaur Gladiator on Nov 2, 2020.
             Was an Initiate of Gozag.
             Slain by an ogre
             ... wielding a +0 giant club
              (20 damage)
             ... on level 9 of the Dungeon.
             The game lasted 00:21:26 (11282 turns).

hawla the Carver (Minotaur Gladiator)              Turns: 11282, Time: 00:21:27

Health: -2/90      AC:  5    Str: 28    XL:     10   Next: 92%
Magic:  0/9        EV: 17    Int: 11    God:    Gozag
Gold:   753        SH:  0    Dex: 12    Spells: 9/9 levels left

rFire    . . .     SeeInvis .   l - +0 scimitar (flame)
rCold    . . .     Gourm    .   (no shield)
rNeg     . . .     Faith    .   b - +0 leather armour
rPois    .         Spirit   +   c - +0 hat
rElec    .         Reflect  .   C - +0 cloak
rCorr    .         Harm     .   (no gloves)
MR       .....                  (no boots)
Stlth    ++........             B - amulet of guardian spirit
HPRegen  0.25/turn              n - +6 ring of strength
MPRegen  0.11/turn              r - +6 ring of intelligence

@: no status effects
A: retaliatory headbutt, horns 2
a: Potion Petition, Call Merchant, Bribe Branch, Renounce Religion


You were on level 9 of the Dungeon.
You worshipped Gozag.
Gozag was pleased with you.
You were not hungry.

You visited 2 branches of the dungeon, and saw 10 of its levels.

You collected 1403 gold pieces.
You spent 576 gold pieces at shops.
You paid 74 gold pieces to Gozag.

Inventory:

Hand Weapons
 a - a +2 long sword
 l - a +0 scimitar of flaming (weapon)
Missiles
 d - 2 throwing nets
 p - 26 poisoned darts
 v - 2 boomerangs (quivered)
Armour
 b - a +0 leather armour (worn)
 c - a +0 hat (worn)
 C - a +0 cloak (worn)
Jewellery
 n - a +6 ring of strength (left hand)
 r - a +6 ring of intelligence (right hand)
 z - the ring of Kiroryrgh {rElec MR- MP+9 Slay+4}
   (You took it off a wight on level 8 of the Dungeon)

   [ring of slaying]

   It affects your accuracy and damage with ranged weapons and melee attacks
   (+4).
   It insulates you from electricity.
   It affects your resistance to hostile enchantments.
   It affects your magic capacity (+9).
 B - an amulet of guardian spirit (around neck)
Wands
 k - a wand of digging (7)
 m - a wand of acid (5)
 w - a wand of polymorph (11)
 y - a wand of flame (13)
Scrolls
 e - a scroll of fear
 h - 5 scrolls of identify
 i - 5 scrolls of remove curse
 j - 2 scrolls of fog
 q - a scroll of enchant weapon
 s - 4 scrolls of magic mapping
 A - a scroll of blinking
 E - a scroll of enchant armour
 H - a scroll of teleportation
Potions
 g - a potion of magic
 o - 2 potions of flight
 t - 2 potions of berserk rage {unknown}
 u - a potion of invisibility
 x - 2 potions of haste
 D - 3 potions of heal wounds
 F - 2 potions of stabbing
 G - a potion of lignification
Comestibles
 f - 11 rations


   Skills:
 + Level 8.7 Fighting
 + Level 12.0 Long Blades
 + Level 4.2 Throwing
 + Level 6.2 Armour
 * Level 10.6 Dodging
 - Level 2.5 Stealth


You had 9 spell levels left.
You didn't know any spells.
Your spell library was empty.

Dungeon Overview and Level Annotations

Branches:
Dungeon (9/15)             Temple (1/1) D:6
   Lair: D:8-11         Orc: D:9-12

Altars:
Cheibriados
Gozag
Kikubaaqudgha
Makhleb
Nemelex Xobeh
Sif Muna
Trog
Uskayaw
Wu Jian
Zin

Shops:
D:4 **   D:8 !


Innate Abilities, Weirdness & Mutations

You reflexively headbutt those who attack you in melee.
You have a pair of horns on your head.


Message History

The ogre closely misses you. You furiously retaliate!
You headbutt the ogre, but do no damage.
The centaur shoots an arrow.
The arrow misses you.
You see here an arrow.
The ogre misses you.
Found 22 stones and a potion of heal wounds.
You hit the centaur. You burn the centaur.
The centaur is moderately wounded.
The centaur unwields a +0 shortbow of freezing.
The centaur misses you. The ogre hits you with a +0 giant club!
* * * LOW HITPOINT WARNING * * *
You hit the centaur. You burn the centaur.
The centaur is heavily wounded.
The centaur closely misses you.
You hit the centaur but do no damage. You headbutt the centaur.
The centaur is severely wounded.
The centaur completely misses you.
The ogre hits you with a +0 giant club!!
You die...
Your body crumbles into a pile of gold.

#....##.#
####....#
##...# #(..#
#..(#
##.(#########
#...(.......
#..O(.......
#...@c......
##>.........
##....)....
#.........
#..!......
#.........
#.........
#..(..!...


You could see an ogre and a centaur.

Vanquished Creatures
  2 two-headed ogres
  Erica (D:8)
  An unseen horror (D:8)
  A cyclops (D:8)
  Psyche (D:8)
  A troll (D:8)
  A hippogriff (D:6)
  Sigmund (D:7)
  Eustachio (D:5)
  A wyvern (D:8)
  A vampire (D:8)
  Grum (D:8)
  Edmund (D:7)
  An orc warrior (D:7)
  A black bear (D:8)
  2 sky beasts
  A hornet zombie (D:5)
  5 ogres
  3 wolves (D:8)
  2 centaurs (D:5)
  A crocodile (D:7)
  4 bullfrogs
  A water moccasin skeleton (D:6)
  10 wights
  2 howler monkeys
  2 jellies
  4 hounds
  A centaur skeleton (D:5)
  An orc priest (D:8)
  3 orc wizards
  5 iguanas
  Jessica (D:2)
  10 worker ants
  A killer bee zombie (D:8)
  A hound skeleton (D:7)
  4 gnolls (D:7)
  4 adders
  A shadow imp (D:7)
  2 worms (D:3)
  3 dart slugs
  3 leopard geckos
  17 orcs
  2 ball pythons (D:5)
  A bat zombie (D:4)
  8 giant cockroaches
  5 goblins
  6 hobgoblins
  7 jackals
  8 quokkas
  7 bats
  7 frilled lizards
  A giant cockroach zombie (D:5)
  A jackal skeleton (D:7)
  10 kobolds
  6 rats
  3 rat zombies (D:4)
182 creatures vanquished.

Notes
Turn   | Place    | Note
-------+----------+-------------------------------------------
     0 | D:1      | hawla the Minotaur Gladiator began the quest for the Orb.
     0 | D:1      | Reached XP level 1. HP: 18/18 MP: 0/0
   285 | D:1      | Reached XP level 2. HP: 22/25 MP: 1/1
   323 | D:1      | Reached skill level 4 in Long Blades
   841 | D:1      | Reached XP level 3. HP: 29/30 MP: 2/2
  1249 | D:2      | Found an ornate altar of the Wu Jian Council.
  1655 | D:2      | Found a burning altar of Makhleb.
  1655 | D:2      | Noticed a blizzard demon
  1702 | D:2      | Noticed Jessica
  1706 | D:2      | Killed Jessica
  1706 | D:2      | Reached skill level 1 in Armour
  1706 | D:2      | Reached XP level 4. HP: 29/37 MP: 3/3
  2284 | D:2      | Found a snail-covered altar of Cheibriados.
  2633 | D:3      | Reached XP level 5. HP: 25/44 MP: 4/4
  2639 | D:3      | Reached skill level 5 in Long Blades
  2942 | D:3      | Found a sparkling altar of Nemelex Xobeh.
  3386 | D:4      | Noticed an ogre
  3390 | D:4      | Killed an ogre
  3390 | D:4      | Reached skill level 5 in Dodging
  3441 | D:4      | Reached XP level 6. HP: 51/51 MP: 5/5
  3585 | D:4      | Found Tiuwn's Tempting Trifles.
  3698 | D:4      | Found a shimmering blue altar of Sif Muna.
  3704 | D:4      | Found an opulent altar of Gozag.
  3705 | D:4      | Found Gozag's Platinum Reserve.
  3715 | D:4      | Became a worshipper of Gozag Ym Sagoz the Greedy
  4080 | D:4      | Found an ancient bone altar of Kikubaaqudgha.
  4450 | D:5      | Entered Level 5 of the Dungeon
  4479 | D:5      | Reached skill level 6 in Long Blades
  4760 | D:5      | Reached skill level 1 in Stealth
  5169 | D:5      | Noticed a sky beast
  5197 | D:5      | Killed a sky beast
  5197 | D:5      | Reached XP level 7. HP: 11/58 MP: 0/6
  5767 | D:5      | Noticed Eustachio
  5790 | D:5      | Killed Eustachio
  5790 | D:5      | Reached skill level 7 in Long Blades
  5790 | D:5      | Reached XP level 8. HP: 19/67 MP: 1/7
  6570 | D:6      | Reached skill level 5 in Fighting
  6746 | D:6      | Found a staircase to the Ecumenical Temple.
  6755 | Temple   | Entered the Ecumenical Temple
  6963 | D:7      | Gained mutation: You tend to lose your temper in combat.
                  | [potion of mutation]
  6963 | D:7      | Lost mutation: You tend to lose your temper in combat.
                  | [potion of mutation]
  6965 | D:7      | Noticed a hippogriff
  6984 | D:6      | Killed a hippogriff
  6984 | D:6      | Reached skill level 8 in Long Blades
  7142 | D:6      | Reached skill level 5 in Armour
  7653 | D:7      | Found a hide-covered altar of Uskayaw.
  7653 | D:7      | Found a glowing silver altar of Zin.
  7700 | D:7      | Reached XP level 9. HP: 45/75 MP: 4/8
  8077 | D:7      | Noticed Sigmund
  8085 | D:7      | Killed Sigmund
  8085 | D:7      | Reached skill level 9 in Long Blades
  8111 | D:7      | Noticed Edmund
  8122 | D:7      | Killed Edmund
  8230 | D:7      | Found a bloodstained altar of Trog.
  8721 | D:8      | Noticed Grum
  8741 | D:8      | Killed Grum
  8741 | D:8      | Reached skill level 10 in Long Blades
  8920 | D:8      | Noticed Psyche
  8931 | D:8      | Killed Psyche
  9489 | D:8      | Noticed a two-headed ogre
  9500 | D:8      | Killed a two-headed ogre
  9500 | D:8      | Reached XP level 10. HP: 19/86 MP: 1/9
  9796 | D:8      | Killed an unseen horror
  9796 | D:8      | Reached skill level 11 in Long Blades
  9959 | D:8      | Noticed Erica
  9971 | D:8      | Killed Erica
  9971 | D:8      | Reached skill level 10 in Dodging
 10204 | D:8      | Identified the ring of Kiroryrgh {rElec MR- MP+9 Slay+4}
 10315 | D:8      | Noticed a cyclops
 10630 | D:8      | Found Ezxiasiw's Distillery.
 10638 | D:8      | Bought a potion of invisibility for 128 gold pieces
 10638 | D:8      | Bought a potion of heal wounds for 80 gold pieces
 10638 | D:8      | Bought a potion of haste for 160 gold pieces
 10638 | D:8      | Bought a potion of heal wounds for 80 gold pieces
 10638 | D:8      | Bought a potion of lignification for 48 gold pieces
 10638 | D:8      | Bought a potion of heal wounds for 80 gold pieces
 10892 | D:8      | Killed a cyclops
 11213 | D:9      | Noticed a two-headed ogre
 11224 | D:9      | Killed a two-headed ogre
 11224 | D:9      | Reached skill level 12 in Long Blades
 11282 | D:9      | Slain by an ogre

Illustrated notes

Levels and vault maps discovered:
D:1:      ebering_hopf_link, layout_basic, hangedman_decor_lopped, minmay_cupped
D:2:      layout_basic, makhleb_altar_promises_db, old_standard_altar,
          overflow_temple_1_default, kennysheep_jessica_study
D:3:      layout_basic, nemelex_xobeh_ov_fountains_minmay,
          minmay_misc_feat_rows, serial_park_tiny_1, kennysheep_flooded_box,
          minmay_misc_feat_four_crosses, wad_floor_pattern_untrapped,
          serial_bayou_pond_d
D:4:      layout_loops_ring, nicolae_gozag_zags_fifth_avenue,
          lemuel_zombie_altar_kikubaaqudgha, overflow_temple_1_default,
          first_ration, nicolae_alphabet_shops, grunt_ministairs_8,
          minmay_misc_feat_tower
D:5:      layout_basic, uniq_eustachio
D:6:      layout_cave_pools, temple_green
D:7:      layout_basic, lightli_temple_of_fire,
          gammafunk_temple_overflow_elements, sigmund_edmund_badplayer
D:8:      minmay_chambers_of_sevens, layout_basic, serial_shops, shop,
          uniq_grum, uniq_erica, uniq_psyche
D:9:      layout_basic, kennysheep_mini_moat
Temple:   minmay_temple_curvy_loop

Skill      XL: |  1  2  3  4  5  6  7  8  9 10 |
---------------+-------------------------------+-----
Long Blades    | 4 5 6 7 8 10 12 | 12.0
Dodging        | 4 5 6 7 9 10 | 10.6
Armour         | 1 2 3 4 5 6 |  6.2
Fighting       | 3 4 6 7 8 |  8.7
Stealth        | 1 2 |  2.5
Throwing       | 4 |  4.2

Action                   |  1- 3 |  4- 6 |  7- 9 | 10-12 || total
-------------------------+-------+-------+-------+-------++-------
Melee: Long sword        |    70 |   108 |   187 |    18 ||   383
       Headbutt          |     6 |    28 |    50 |    21 ||   105
       Dagger            |       |    38 |       |       ||    38
       Scimitar          |       |       |       |    43 ||    43
Throw: Throwing net      |       |       |     5 |       ||     5
       Dart              |       |       |    10 |     2 ||    12
       Boomerang         |       |       |       |    17 ||    17
  Use: Scroll            |       |    14 |     6 |     1 ||    21
       Potion            |       |     6 |     6 |     1 ||    13
 Stab: Sleeping          |       |     1 |     3 |     1 ||     5
       Held in net/web   |       |       |     1 |       ||     1
  Eat: Chunk             |     2 |     7 |       |       ||     9
       Ration            |       |     2 |     4 |     2 ||     8
Armor: Leather armour    |    24 |    27 |    34 |     8 ||    93
       Skin              |       |       |    14 |       ||    14
Dodge: Dodged            |    46 |    89 |   176 |    56 ||   367
       Rpst.: Long sword |    11 |    23 |    39 |     1 ||    74
       Scimitar          |       |       |       |    11 ||    11
